 Dungeon Crawl Stone Soup version 0.29.0-11-gd7f09526c8 (webtiles) character file.

Game seed: 17200024116693119254

523 SensoryNuts the Slasher (level 7, -7/53 HPs)
             Began as a Demonspawn Fighter on Sept 3, 2022.
             Mangled by a gnoll
             ... wielding a +1 flail of holy wrath
              (8 damage)
             ... on level 4 of the Dungeon.
             The game lasted 00:03:53 (4199 turns).

SensoryNuts the Slasher (Demonspawn Fighter)        Turns: 4199, Time: 00:03:54

Health: -7/53      AC: 12    Str: 16    XL:     7   Next: 2%
Magic:  7/7        EV:  4    Int: 10    God:
Gold:   119        SH: 10    Dex: 14    Spells: 6/6 levels left

rFire   . . .      SeeInvis .   a - +0 long sword (chaos)
rCold   . . .      Faith    .   c - +0 buckler
rNeg    . . .      Spirit   .   l - +0 plate armour
rPois   .          Reflect  +   (helmet restricted)
rElec   .          Harm     .   (no cloak)
rCorr   .          Rampage  .   m - +0 pair of gloves
Will    .....                   (no boots)
Stlth   ..........              p - amulet of reflection
HPRegen 0.17/turn               (no ring)
MPRegen 0.10/turn               (no ring)

@: no status effects
A: claws 1, horns 2, foul stench 2, weakness stinger 1
a: no special abilities


You were on level 4 of the Dungeon.
You visited 2 branches of the dungeon, and saw 5 of its levels.

You collected 119 gold pieces.

Inventory:

Hand Weapons
 a - a +0 long sword of chaos (weapon)
Armour
 c - a +0 buckler (worn)
 l - a +0 plate armour (worn)
 m - a +0 pair of gloves (worn)
Jewellery
 p - an amulet of reflection (around neck)
Wands
 b - a wand of light (6)
 r - a wand of paralysis (6)
Scrolls
 d - 2 scrolls of summoning
 j - a scroll of poison
 k - a scroll of silence
 n - a scroll of brand weapon
 o - a scroll of identify
Potions
 e - a potion of heal wounds
 f - 2 potions of curing
 g - a potion of resistance
 h - a potion of mutation
 i - a potion of magic
 q - a potion of haste {unknown}


   Skills:
 + Level 3.9 Fighting
 * Level 5.1 Long Blades
 + Level 3.9 Armour
 + Level 1.4 Dodging
 + Level 1.1 Stealth
 + Level 3.2 Shields


You had 6 spell levels left.
You didn't know any spells.
Your spell library was empty.

Dungeon Overview and Level Annotations

Branches:
Dungeon (4/15)             Temple (1/1) D:4

Altars:
Cheibriados
Dithmenos
Fedhas
Makhleb
Qazlal
Trog
Uskayaw
Xom


Innate Abilities, Weirdness & Mutations

You have sharp fingernails.
You have a pair of horns on your head.
You sometimes emit foul miasma when damaged in melee.
You have a small tail.


Message History

No target in view!
No target in view!
No target in view!
No target in view!
No target in view!
Unknown command.
Okay, then.
There is an open door here.
You open the door.
Found an escape hatch in the ceiling.
There is an open door here.
A gnoll comes into view. It is wielding a +0 club.
The gnoll shouts!
A gnoll comes into view.
It is wielding a +1 flail of holy wrath.
There are monsters nearby!
There are monsters nearby!
A gnoll comes into view. It is wielding a +0 whip.
The gnoll shouts!
The gnoll moves out of view.
Found a stone staircase leading down.
The gnoll hits you but does no damage.
You hit the gnoll.
The gnoll flickers and vanishes!
Deactivating autopickup; reactivate with Ctrl-A.
Your tail-slap misses something.
You block the gnoll's attack.
You hit the gnoll.
The gnoll goes berserk!
The gnoll is lightly wounded.
The gnoll barely misses you. You block the gnoll's attack. Something hits you!
You convulse.
The gnoll barely misses you.
You closely miss the gnoll.
You tail-slap the gnoll, but do no damage.
The gnoll is lightly wounded.
You block the gnoll's attack. x2; Something hits you!
You convulse!
* * * LOW HITPOINT WARNING * * *
Your goblin zombie hits the gnoll but does no damage.
The gnoll hits you with a +0 whip.
* * * LOW HITPOINT WARNING * * *
Something hits you!
* * * LOW HITPOINT WARNING * * *
You convulse!
You die...

#....##...##.....#
#....#....#......#
#..<.#....#........
#....'....#........
##
####..###.######...##
#..#..#..##### #...#
#............+ .....
#.....!......# .....
######.@Z##..# #gg.#
..# .....+ ...
.......# ..
#........# #........#
#...#>.#.# ####### .#


You could see 2 gnolls and a friendly goblin zombie.

Vanquished Creatures
  Sigmund (D:2)
  A phantom (D:4)
  Crazy Yiuf (D:2)
  An orc priest (D:4)
  Ijyb (D:3)
  Jessica (D:2)
  Natasha (thrice) (D:3)
  4 adders
  A worm (D:2)
  3 dart slugs
  5 orcs
  4 endoplasms
  4 giant cockroaches
  3 goblins
  A hobgoblin (D:3)
  7 jackals (D:1)
  7 ball pythons
  4 bats
  2 frilled lizards
  7 kobolds
  2 rats
63 creatures vanquished.

Notes
Turn   | Place    | Note
-------+----------+-------------------------------------------
     0 | D:1      | SensoryNuts the Demonspawn Fighter began the quest for the
                  | Orb.
     0 | D:1      | Reached XP level 1. HP: 18/18 MP: 1/1
    14 | D:1      | Reached skill level 2 in Long Blades
   414 | D:1      | Gained mutation: You may rarely emit foul miasma when
                  | damaged in melee. [demonic ancestry]
   414 | D:1      | Reached XP level 2. HP: 22/24 MP: 2/2
   734 | D:1      | You fall into a shaft and drop 1 floor!
   769 | D:2      | Discovered your monstrous ancestry.
   769 | D:2      | Gained mutation: You have a small tail. [demonic ancestry]
   769 | D:2      | Reached XP level 3. HP: 29/29 MP: 3/3
   813 | D:2      | Found a runed translucent door.
   814 | D:2      | Noticed Crazy Yiuf
   877 | D:2      | Noticed Jessica
   884 | D:2      | Killed Jessica
  1160 | D:2      | Noticed Sigmund
  1182 | D:2      | Killed Sigmund
  1183 | D:2      | Reached skill level 4 in Long Blades
  1183 | D:2      | Reached skill level 1 in Dodging
  1183 | D:2      | Gained mutation: You have a pair of small horns on your
                  | head. [demonic ancestry]
  1183 | D:2      | Reached XP level 4. HP: 4/35 MP: 4/4
  1183 | D:2      | Gained mutation: You have a pair of horns on your head.
                  | [demonic ancestry]
  1183 | D:2      | Reached XP level 5. HP: 5/41 MP: 5/5
  2075 | D:1      | Found a faded altar of an unknown god.
  2145 | D:1      | Reached skill level 1 in Stealth
  2566 | D:2      | Killed Crazy Yiuf
  2567 | D:2      | Gained mutation: You sometimes emit foul miasma when
                  | damaged in melee. [demonic ancestry]
  2567 | D:2      | Reached XP level 6. HP: 37/47 MP: 6/6
  3119 | D:3      | Noticed Ijyb
  3125 | D:3      | Killed Ijyb
  3335 | D:3      | Noticed Natasha
  3341 | D:3      | Killed Natasha
  3347 | D:3      | Noticed Natasha
  3353 | D:3      | Killed Natasha
  3380 | D:3      | Noticed Natasha
  3389 | D:3      | Killed Natasha
  3563 | D:3      | Found a hide-covered altar of Uskayaw.
  3760 | D:4      | Found a staircase to the Ecumenical Temple.
  3812 | Temple   | Entered the Ecumenical Temple
  4051 | D:4      | Reached skill level 5 in Long Blades
  4051 | D:4      | Gained mutation: You have sharp fingernails. [demonic
                  | ancestry]
  4051 | D:4      | Reached XP level 7. HP: 31/53 MP: 7/7
  4199 | D:4      | HP: 1/53 [something (9)]
  4199 | D:4      | Mangled by a gnoll

Illustrated notes

Levels and vault maps discovered:
D:1:      tarquinn_simple_flora_water_f, layout_basic,
          shapermc_ecumenical_altar_notcrosses, lemuel_another_geyser
D:2:      layout_loops_ring, uniq_sigmund, uniq_crazy_yiuf_cottage, uniq_jessica
D:3:      layout_rooms, mainiacjoe_overflow_surrounded_room,
          hangedman_decor_slide_cut, minmay_misc_feat_roman, uniq_natasha,
          uniq_ijyb
D:4:      layout_gridville, minmay_temple_entry_tees
Temple:   hellmonk_temple_beads

Skill      XL: |  1  2  3  4  5  6 |
---------------+-------------------+-----
Long Blades    | 2 4 5 |  5.1
Armour         | 3 |  3.9
Dodging        | 1 |  1.4
Shields        | 3 |  3.2
Stealth        | 1 |  1.1
Fighting       | |  3.9

Action                   |  1- 3 |  4- 6 |  7- 9 || total
-------------------------+-------+-------+-------++-------
Melee: Long sword        |    76 |   120 |     4 ||   200
       Tailslap          |     4 |    19 |     1 ||    24
       Headbutt          |       |    30 |       ||    30
  Use: Potion            |     1 |     1 |       ||     2
       Scroll            |       |     9 |       ||     9
Armor: Scale mail        |    48 |    21 |       ||    69
       Plate armour      |       |    40 |     1 ||    41
Dodge: Dodged            |    42 |    29 |     2 ||    73
Block: Buckler           |    16 |    31 |     4 ||    51
